 Dungeon Crawl Stone Soup version 0.18.1-50-g88ac8fd (webtiles) character file.

2606 Skwishie the Cleaver (level 9, -1/76 HPs)
             Began as a Gargoyle Fighter on Sept 21, 2016.
             Slain by a slime creature (3 damage)
             ... on level 8 of the Dungeon.
             The game lasted 00:26:24 (7791 turns).

Skwishie the Cleaver (Gargoyle Fighter)             Turns: 7791, Time: 00:26:25

Health: -1/76      AC: 23    Str: 26    XL:     9   Next: 59%
Magic:  9/9        EV:  4    Int: 19    God:
Gold:   400        SH: 10    Dex: 17    Spells: 0 memorised, 8 levels left

rFire  + + .     SeeInvis .     a - +0 war axe
rCold  x . .     Gourm    .     e - +0 plate armour
rNeg   + + .     Faith    .     c - +0 shield
rPois  ∞         Spirit   .     L - +1 helmet
rElec  +         Dismiss  +     B - +3 cloak of Divine Compulsion {*Drain rElec rF+ Int+4}
rCorr  .         Reflect  .     (no gloves)
SustAt .         Harm     .     (no boots)
MR     .....                    A - amulet "Orhifig" {Dismiss rF+ rC- Int+4 Dex+8}
Stlth  ..........               (no ring)
                                r - ring of positive energy

@: berserking (expiring), marked, very quick, not resistant to hostile
enchantments, extremely unstealthy
A: negative energy resistance 1, electricity resistance, unbreathing,
petrification resistance, rot immunity, AC +5
a: no special abilities


You were on level 8 of the Dungeon.
You were not hungry.

You visited 1 branch of the dungeon, and saw 8 of its levels.

You collected 400 gold pieces.

Inventory:

Hand Weapons
 a - a +0 war axe (weapon)
Armour
 c - a +0 shield (worn)
 e - a +0 plate armour (worn)
 B - the +3 cloak of Divine Compulsion (worn) {*Drain rElec rF+ Int+4}
   (You found it on level 4 of the Dungeon)

   It affects your intelligence (+4).
   It protects you from fire.
   It insulates you from electricity.
   It causes draining when unequipped.
 L - a +1 helmet (worn)
Jewellery
 r - a ring of positive energy (left hand)
 A - the amulet "Orhifig" (around neck) {Dismiss rF+ rC- Int+4 Dex+8}
   (You found it on level 4 of the Dungeon)

   [amulet of dismissal]

   It may teleport away creatures that harm you.
   It affects your intelligence (+4).
   It affects your dexterity (+8).
   It protects you from fire.
   It makes you vulnerable to cold.
Wands
 h - a wand of digging (13/24)
 s - a wand of digging (12/24)
 I - a wand of iceblast (4/15)
 K - a wand of disintegration (14/24)
 M - a wand of polymorph (0/24)
Scrolls
 k - 2 scrolls of amnesia
 n - 2 scrolls of fog {unknown}
 o - a scroll of noise {unknown}
 p - 2 scrolls of immolation
 t - a scroll of remove curse
 u - a scroll of blinking {unknown}
 D - a scroll of recharging {unknown}
 E - 2 scrolls of teleportation {unknown}
 G - a scroll of enchant armour {unknown}
 H - 2 scrolls of magic mapping {unknown}
 P - a scroll of summoning {unknown}
 Q - a scroll of torment {unknown}
Potions
 b - a potion of cure mutation {unknown}
 d - a potion of might
 i - 5 potions of agility
 q - 3 potions of curing
 w - a potion of lignification {unknown}
 x - 2 potions of cancellation {unknown}
 z - 4 potions of flight
 C - a potion of brilliance {unknown}
 R - a potion of experience {unknown}
Books
 l - a book of the Sky

   Spells                             Type                      Level
   a - Summon Lightning Spire         Summoning/Air                4
   b - Airstrike                      Air                          4
   c - Silence                        Hexes/Air                    5
   d - Deflect Missiles               Charms/Air                   6
   e - Conjure Ball Lightning         Conjuration/Air              6
   f - Tornado                        Air                          9
 y - a book of Unlife

   Spells                             Type                      Level
   a - Recall                         Summoning/Translocation      3
   b - Animate Dead                   Necromancy                   4
   c - Control Undead                 Necromancy                   4
   d - Cigotuvi's Embrace             Necromancy                   5
   e - Death Channel                  Necromancy                   6
   f - Simulacrum                     Ice/Necromancy               6
 J - a book of Clouds

   Spells                             Type                      Level
   a - Mephitic Cloud                 Conjuration/Poison/Air       3
   b - Conjure Flame                  Conjuration/Fire             3
   c - Poisonous Cloud                Conjuration/Poison/Air       6
   d - Freezing Cloud                 Conjuration/Ice/Air          6
   e - Ring of Flames                 Charms/Fire                  7
 N - a Grand Grimoire

   Spells                             Type                      Level
   a - Monstrous Menagerie            Summoning                    7
   b - Summon Greater Demon           Summoning                    7
   c - Malign Gateway                 Summoning/Translocation      7
   d - Summon Horrible Things         Summoning                    8
Comestibles
 f - 4 bread rations
 g - a meat ration
 j - a chunk of flesh
 m - 9 fruits
 F - a beef jerky


   Skills:
 - Level 3.2 Fighting
 + Level 11.6 Axes
 - Level 3.2 Armour
 - Level 3.2 Shields


You had 8 spell levels left.
You didn't know any spells.

Dungeon Overview and Level Annotations

Branches:
Dungeon (8/15)
 Temple: D:4-7         Lair: D:8-11

Altars:
Elyvilon
Gozag
Nemelex Xobeh
Sif Muna
Vehumet
Xom
Yredelemnul
The Shining One


Innate Abilities, Weirdness & Mutations

You are resistant to torment.
Your stone body is resilient (AC +5).
You are immune to poison.
You resist negative energy.
You are resistant to electric shocks.
You can survive without breathing.
You are immune to petrification.
You are immune to rotting.


Message History

The slime creature is heavily wounded.
The slime creature hits you.
* * * LOW HITPOINT WARNING * * *
The wyvern hisses menacingly.
You block the wyvern's attack. The hound bites you but does no damage.
The hill giant hits you with a giant club!!
* * * LOW HITPOINT WARNING * * *
A jackal comes into view.
You slash the hill giant!
You kill the hill giant!
Your plate armour prevents you from hitting the hound.
The hound is lightly wounded.
You slash the wyvern!
The wyvern is almost dead.
You slice the slime creature!!
The slime creature is almost dead.
The jackal moves out of view.
The wyvern bites you but does no damage.
The hound bites you but does no damage. The slime creature hits you.
You die...

#.. #.# ## ###.##..
################.....
##.............##.#.## ##
#............[.......###....
#.#########..<.##.#.......#
#.#.......#.......##.######
#.#.^._.....).)@JJ.#.#######
#.#.......#...chl..#.......#
#.#########....c_..#...#...#
#............ls.......###.?#
####..######.......#h## #.#
#.########.###)##..# .#
#.........H#...##...# #
###...................
.######....######...


You could see a slime creature, a centaur warrior, a hippogriff, a wyvern, a
centaur, a hound, a jelly, a giant gecko, a jackal and a giant cockroach.

Vanquished Creatures
  A hill giant (D:8)
  Grinder (D:4)
  An orc warrior (D:7)
  A black bear (D:4)
  A sky beast (D:5)
  An ice beast (D:6)
  3 ogres
  2 centaurs
  A water moccasin zombie (D:7)
  2 howler monkeys
  3 crimson imps
  A centaur zombie (D:8)
  2 giant frog skeletons
  3 orc priests
  A hound (D:6)
  3 jellies
  6 orc wizards
  An iguana (D:5)
  5 worker ants
  A statue (D:8)
  A hound skeleton (D:8)
  6 gnolls (D:3)
  7 adders
  3 oozes
  An adder skeleton (D:6)
  An adder zombie (D:5)
  3 worms
  2 dart slugs (D:2)
  5 giant geckos
  19 orcs
  A ball python (D:5)
  5 bats
  9 giant cockroaches
  5 goblins
  6 hobgoblins
  3 jackals
  3 quokkas
  A giant newt (D:4)
  A jackal zombie (D:6)
  8 kobolds
  A quokka skeleton (D:7)
  2 rats
133 creatures vanquished.

Notes
Turn   | Place    | Note
--------------------------------------------------------------
     0 | D:1      | Skwishie the Gargoyle Fighter began the quest for the Orb.
     0 | D:1      | Reached XP level 1. HP: 14/14 MP: 1/1
   260 | D:1      | Reached skill level 2 in Axes
   660 | D:1      | Reached XP level 2. HP: 17/19 MP: 2/2
  1218 | D:2      | Reached skill level 3 in Axes
  1218 | D:2      | Reached XP level 3. HP: 23/23 MP: 3/3
  1834 | D:2      | Reached XP level 4. HP: 28/28 MP: 4/4
  1871 | D:3      | Reached skill level 4 in Axes
  2029 | D:3      | Reached XP level 5. HP: 30/32 MP: 5/5
  2574 | D:4      | Noticed Grinder
  2721 | D:4      | Paralysed by Grinder for 2 turns
  2735 | D:4      | Killed Grinder
  2735 | D:4      | Reached skill level 6 in Axes
  2735 | D:4      | Reached XP level 6. HP: 15/37 MP: 6/6
  2965 | D:4      | Found a glowing golden altar of the Shining One.
  2993 | D:4      | Found a white marble altar of Elyvilon.
  3046 | D:4      | Got a slimy iron amulet
  3053 | D:4      | Got a translucent cloak
  3059 | D:4      | Identified the +3 cloak of Divine Compulsion {*Drain rElec rF+ Int+4} (You found it on level 4 of the Dungeon)
  3059 | D:4      | Identified the amulet "Orhifig" {Dismiss rF+ rC- Int+4 Dex+8} (You found it on level 4 of the Dungeon)
  3156 | D:4      | Found a sparkling altar of Nemelex Xobeh.
  3157 | D:4      | Found an opulent altar of Gozag.
  3349 | D:5      | Entered Level 5 of the Dungeon
  3424 | D:5      | Reached XP level 7. HP: 41/41 MP: 7/7
  3531 | D:5      | Reached skill level 7 in Axes
  4071 | D:5      | Reached skill level 8 in Axes
  4280 | D:5      | Reached XP level 8. HP: 45/46 MP: 8/8
  4347 | D:5      | Found a shimmering altar of Xom.
  4724 | D:5      | Reached skill level 9 in Axes
  5907 | D:6      | Found a deep blue altar of Sif Muna.
  6235 | D:7      | Reached skill level 10 in Axes
  6531 | D:7      | Reached XP level 9. HP: 30/51 MP: 9/9
  7154 | D:8      | Noticed a skeletal warrior
  7373 | D:8      | Noticed a skeletal warrior
  7373 | D:8      | Noticed a skeletal warrior
  7416 | D:8      | Found a basalt altar of Yredelemnul.
  7417 | D:8      | Found a radiant altar of Vehumet.
  7658 | D:8      | Reached skill level 11 in Axes
  7733 | D:8      | Noticed a hill giant
  7782 | D:8      | Noticed a centaur warrior
  7790 | D:8      | HP: 2/76 [hill giant/giant club (19)]
  7791 | D:8      | Killed a hill giant
  7791 | D:8      | Slain by a slime creature

Skill      XL: |  1  2  3  4  5  6  7  8  9 |
---------------+----------------------------+-----
Axes           | 2 3 4 6 8 10 11 | 11.6
Fighting       | |  3.2
Armour         | |  3.2
Shields        | |  3.2

Action                   |  1- 3 |  4- 6 |  7- 9 || total
-------------------------+-------+-------+-------++-------
Melee: War axe           |   115 |   191 |   383 ||   689
Evoke: Wand              |       |       |     3 ||     3
  Use: Scroll            |       |       |    11 ||    11
       Potion            |       |       |     2 ||     2
 Stab: Distracted        |       |       |     1 ||     1
  Eat: Chunk             |     3 |     4 |     6 ||    13
       Pizza             |       |     1 |       ||     1
       Bread ration      |       |       |     2 ||     2
Armor: Plate armour      |    83 |   153 |   289 ||   525
Dodge: Dodged            |    15 |    25 |    47 ||    87
Block: Shield            |    53 |    97 |   198 ||   348
